 Dungeon Crawl Stone Soup version 0.23.0 (webtiles) character file.

Game seed: 10868931969299413061

209 vishdafish the Cudgeler (level 5, -2/50 HPs)
             Began as a Troll Skald on Feb 15, 2019.
             Slain by a gnoll
             ... wielding a +0 whip
              (4 damage)
             ... on level 3 of the Dungeon.
             The game lasted 00:08:17 (2636 turns).

vishdafish the Cudgeler (Troll Skald)               Turns: 2636, Time: 00:08:18

Health: -2/50      AC:  6    Str: 19    XL:     5   Next: 55%
Magic:  3/5        EV: 10    Int: 10    God:
Gold:   126        SH:  0    Dex:  9    Spells: 3/6 levels left

rFire    . . .     SeeInvis .   a - +0 mace
rCold    . . .     Gourm    +   (no shield)
rNeg     . . .     Faith    .   b - +0 robe
rPois    .         Spirit   .   (helmet restricted)
rElec    .         Reflect  .   (no cloak)
rCorr    .         Harm     .   (gloves unavailable)
MR       +....                  (boots unavailable)
Stlth    +.........             n - amulet of regeneration
HPRegen  0.96/turn              l - ring of protection from magic
MPRegen  0.09/turn              (no ring)

@: infused, very slightly contaminated
A: large, unfitting armour, claws 3, fast metabolism 3, gourmand, regeneration
1, shaggy fur 1, tough skin 3
a: no special abilities


You were on level 3 of the Dungeon.
You were very full.

You visited 1 branch of the dungeon, and saw 4 of its levels.

You collected 126 gold pieces.

Inventory:

Hand Weapons
 a - a +0 mace (weapon)
Armour
 b - a +0 robe (worn)
Jewellery
 l - a ring of protection from magic (left claw)
 n - an amulet of regeneration (around neck)
Scrolls
 f - a scroll of fear {unknown}
 g - 2 scrolls of amnesia {unknown}
 h - a scroll of teleportation {unknown}
 j - a scroll of enchant weapon {unknown}
 m - 2 scrolls of magic mapping {unknown}
 o - a scroll of immolation {unknown}
 r - a scroll of noise {unknown}
 s - a scroll of remove curse {unknown}
Potions
 c - 2 potions of mutation {unknown}
 e - a potion of heal wounds {unknown}
 i - a potion of haste {unknown}
 k - 2 potions of agility {unknown}
 p - a potion of degeneration {unknown}
Comestibles
 d - 9 rations


   Skills:
 + Level 2.5 Fighting
 * Level 3.6 Maces & Flails
 + Level 2.7 Dodging
 - Level 1.2 Spellcasting
 + Level 2.5 Charms


You had 3 spell levels left.
You knew the following spells:

 Your Spells              Type           Power        Failure   Level  Hunger
a - Infusion              Chrm           #...         12%         1    ##.....
b - Song of Slaying       Chrm           #.......     19%         2    ###....

Your spell library contained the following spells:

 Spells                   Type           Power        Failure   Level  Hunger
 Shroud of Golubria       Chrm/Tloc      #.........   30%         2    ###....
 Magic Dart               Conj           #...         34%         1    ##.....
 Blink                    Tloc           N/A          45%         2    ###....
 Call Imp                 Summ           #.......     45%         2    ###....
 Slow                     Hex            #.......     45%         2    ###....
 Regeneration             Chrm/Necr      #.........   52%         3    ####...
 Spectral Weapon          Hex/Chrm       #.......     52%         3    ####...
 Conjure Flame            Conj/Fire      #.......     71%         3    ####...
 Mephitic Cloud           Conj/Pois/Air  #.......     71%         3    ####...


Dungeon Overview and Level Annotations

Branches:
Dungeon (4/15)
 Temple: D:4-7

Altars:


Innate Abilities, Weirdness & Mutations

You are too large for most types of armour.
You have claws for hands.
Your metabolism is lightning-fast.
You like to eat raw meat.
Your natural rate of healing is unusually fast.
You are covered in fur. (AC +1)
You have extremely tough skin. (AC +3)


Message History

Confirm with . or Enter, or press ? or * to list all spells.
You don't know that spell.
Casting: Song of Slaying (safe; 19% risk of failure)
Confirm with . or Enter, or press ? or * to list all spells.
You miscast Infusion.
You are very lightly contaminated with residual magic.
You feel a strange surge of energy! The gnoll hits you with a +0 whip.
The gnoll hits you with a +0 whip!
* * * LOW HITPOINT WARNING * * *
Casting: Infusion (safe; 12% risk of failure)
Confirm with . or Enter, or press ? or * to list all spells.
You begin infusing your attacks with magical energy.
The gnoll hits you with a +0 whip.
* * * LOW HITPOINT WARNING * * *
The gnoll hits you with a +0 whip.
* * * LOW HITPOINT WARNING * * *
You barely miss the gnoll. The gnoll hits you with a +0 whip.
* * * LOW HITPOINT WARNING * * *
The gnoll hits you with a +0 whip.
You die...

#.# #.#########.##
#.######.#########.##
#...................#
#.######............)
#.################.).
#...>..# #....
#....#.# ###.###
####g#.# ##...# #
#@#.# #....### #g#.#
#..#.... #.#.#
#..##### #.#.# #..#
#.#.# #..# #.#.#####
#..#####
#.#....[###..##...
#.#####.........##
#.......###.#####


You could see 2 gnolls.

Vanquished Creatures
  4 gnolls (D:3)
  6 adders
  An ooze (D:3)
  A worm (D:3)
  3 dart slugs
  2 leopard geckos
  11 orcs (D:3)
  3 ball pythons
  6 bats
  3 giant cockroaches
  11 goblins
  7 hobgoblins
  14 jackals
  7 frilled lizards
  5 kobolds
  7 rats
91 creatures vanquished.

Notes
Turn   | Place    | Note
-------+----------+-------------------------------------------
     0 | D:1      | vishdafish the Troll Skald began the quest for the Orb.
     0 | D:1      | Reached XP level 1. HP: 19/19 MP: 1/1
    95 | D:1      | Reached skill level 2 in Maces & Flails
   134 | D:1      | Reached XP level 2. HP: 28/28 MP: 2/2
   695 | D:2      | Reached XP level 3. HP: 17/35 MP: 3/3
  1320 | D:2      | Learned a level 2 spell: Song of Slaying
  1415 | D:2      | Reached XP level 4. HP: 38/42 MP: 4/4
  1663 | D:3      | Reached skill level 3 in Maces & Flails
  2044 | D:3      | Reached XP level 5. HP: 12/50 MP: 3/5
  2622 | D:4      | Noticed an ogre
  2636 | D:3      | HP: 2/50 [gnoll/+0 whip (4)]
  2636 | D:3      | Slain by a gnoll

Skill      XL: |  1  2  3  4 |
---------------+-------------+-----
Maces & Flails | 2 3 |  3.6
Dodging        | 2 |  2.7
Fighting       | 2 |  2.5
Spellcasting   | |  1.2
Charms         | |  2.5

Action                   |  1- 3 |  4- 6 || total
-------------------------+-------+-------++-------
Melee: Mace              |   150 |   211 ||   361
 Cast: Song of Slaying   |     2 |     8 ||    10
       Infusion          |       |     7 ||     7
  Use: Potion            |       |     2 ||     2
  Eat: Chunk             |     8 |    20 ||    28
       Ration            |     1 |       ||     1
Armor: Robe              |    79 |   112 ||   191
Dodge: Dodged            |   122 |   171 ||   293
